 Dungeon Crawl Stone Soup version 0.29.1-12-g30fa7ad0bf (webtiles) character file.

Game seed: 5651090634020371022

215 FexLirch the Chopper (level 5, 0/70 HPs)
             Began as a Minotaur Fighter on Jan 11, 2023.
             Was a Follower of Sif Muna.
             Slain by an orc wizard
             ... wielding a +0 dagger
              (2 damage)
             ... on level 4 of the Dungeon.
             The game lasted 00:02:29 (2809 turns).

FexLirch the Chopper (Minotaur Fighter)             Turns: 2809, Time: 00:02:29

Health: 0/70       AC: 22    Str: 22 (23) XL:     5   Next: 60%
Magic:  4/4        EV:  2    Int:  9 (11) God:    Sif Muna [*.....]
Gold:   147        SH:  4    Dex:  6 (9)  Spells: 4/4 levels left

rFire   . . .      SeeInvis .   a - +0 war axe
rCold   . . .      Faith    .   c - +0 buckler
rNeg    . . .      Spirit   .   (body armour currently unavailable)
rPois   +          Reflect  .   (helmet currently unavailable)
rElec   .          Harm     .   (cloak currently unavailable)
rCorr   .          Rampage  .   (gloves currently unavailable)
Will    .....      NoTele   +   (boots currently unavailable)
Stlth   +.........              (no amulet)
HPRegen 0.21/turn               k - +6 ring of intelligence
MPRegen 0.09/turn               q - ring of wizardry

@: brilliant, tree-form, attractive, hasted, very quick
A: stationary, stasis, torment immunity, boosted hp, (horns 2), (retaliatory
headbutt)
a: Renounce Religion, Channel Magic


You were on level 4 of the Dungeon.
You worshipped Sif Muna.
Sif Muna was aware of your devotion.
You were a tree.
You visited 1 branch of the dungeon, and saw 4 of its levels.

You collected 147 gold pieces.

Inventory:

Hand Weapons
 a - a +0 war axe (weapon)
Armour
 b - a +0 scale mail
 c - a +0 buckler (worn)
 g - a +1 leather armour of willpower (melded)
Jewellery
 k - a +6 ring of intelligence (left branch)
 q - a ring of wizardry (right branch)
Scrolls
 e - a scroll of enchant armour {unknown}
 f - a scroll of teleportation {unknown}
 i - 4 scrolls of identify {unknown}
 j - a scroll of silence {unknown}
 n - 2 scrolls of amnesia {unknown}
 o - a scroll of fear {unknown}
Potions
 d - a potion of might
 s - a potion of brilliance


   Skills:
 + Level 4.9 Fighting
 * Level 5.2 Axes
 - Level 3.7 Armour
 + Level 4.9 Shields


You had 4 spell levels left.
You didn't know any spells.
Your spell library contained the following spells:

 Spells                   Type           Power      Damage    Failure   Level
 Frozen Ramparts          Ice            0%         1d1       50%         3
 Ice Form                 Ice/Tmut       0%         N/A       87%         4
 Summon Ice Beast         Ice/Summ       0%         N/A       87%         4


Dungeon Overview and Level Annotations

Branches:
Dungeon (4/15)
 Temple: D:4-7

Altars:
Sif Muna

Annotations:
D:1 1 transporter


Innate Abilities, Weirdness & Mutations

You are a tree.
Your roots penetrate the ground, keeping you stationary.
You cannot be teleported.
You are immune to unholy pain and torment.
Your maximum health is greatly increased.
Your equipment is partially melded.
((You have a pair of horns on your head.))
((You reflexively headbutt those who attack you in melee.))


Message History

It was a potion of brilliance.
You feel clever all of a sudden.
It was a potion of lignification.
You turn into a tree.
Your +1 leather armour of willpower melds into your body.
You feel less strong-willed.
Your roots penetrate the ground.
The orc hits you with a +0 short sword.
* * * LOW HITPOINT WARNING * * *
Something hits you but does no damage.
It was a potion of flight.
Your roots keep you in place.
The orc hits you but does no damage. Something hits you but does no damage.
A hobgoblin comes into view.
It was a potion of degeneration.
There was something very wrong with that liquid.
You feel weakened.
You feel dopey.
You feel clumsy.
The hobgoblin shouts!
It was a potion of attraction.
You feel attractive to monsters. The hound bites you but does no damage.
The orc hits you but does no damage. Something hits you but does no damage.
The hobgoblin is attracted toward you.
You feel as though your hastened speed will last longer.
The hound bites you but does no damage. You block something's attack.
The orc hits you but does no damage.
You cannot move.
You hit the orc but do no damage.
The orc is almost dead.
You miss something. You slash the hound!
The hound bites you but does no damage. The orc hits you but does no damage.
Something hits you but does no damage. The hound bites you but does no damage.
You closely miss the orc.
The orc is almost dead.
You miss the hound. You closely miss something. The hound bites you.
* * * LOW HITPOINT WARNING * * *
You hit the orc.
You kill the orc!
Sif Muna accepts your kill.
You slash the hound!
You kill the hound!
Sif Muna accepts your kill.
You barely miss something. Something hits you.
You die...

#.# #.# #.### ... #.#
#.#####.### ... #.#
#.......... #... #.#
#######.### #..## #.#
#.# #...###.####### #.#
..####.g##.....$.. #.#
......{)..########.#.###
#....)♣†........ ......
......).#...###.# .#.###
..............#
........#.#.....
..............#..
.######..[....# ?
#......## #......+


You could see a hobgoblin.

Vanquished Creatures
  A phantom (D:4)
  2 hounds (D:4)
  An iguana (D:3)
  2 adders (D:4)
  An ufetubus (D:4)
  3 worms
  3 dart slugs
  6 orcs (D:4)
  3 ball pythons
  2 endoplasms
  4 giant cockroaches
  5 goblins
  5 hobgoblins
  2 jackals (D:3)
  A quokka (D:3)
  A bat (D:2)
  4 kobolds
  2 rats (D:3)
48 creatures vanquished.

Notes
Turn   | Place    | Note
-------+----------+-------------------------------------------
     0 | D:1      | FexLirch the Minotaur Fighter began the quest for the Orb.
     0 | D:1      | Reached XP level 1. HP: 19/19 MP: 0/0
    87 | D:1      | Found a faded altar of an unknown god.
   263 | D:1      | Reached XP level 2. HP: 24/27 MP: 1/1
   395 | D:1      | Reached skill level 3 in Axes
   476 | D:1      | Prayed at the altar of an unknown god.
   476 | D:1      | Became a worshipper of Sif Muna the Loreminder
   476 | D:1      | Reached * piety under Sif Muna
   864 | D:2      | Reached XP level 3. HP: 33/33 MP: 2/2
  1743 | D:3      | Reached skill level 4 in Axes
  1761 | D:3      | Reached XP level 4. HP: 38/40 MP: 3/3
  2335 | D:4      | Noticed a phantom
  2350 | D:4      | Killed a phantom
  2351 | D:4      | Reached skill level 5 in Axes
  2351 | D:4      | Reached XP level 5. HP: 15/47 MP: 4/4
  2799 | D:4      | HP: 1/47 [orc/+0 short sword (3)]
  2808 | D:4      | HP: 1/70 [hound (1)]
  2809 | D:4      | Slain by an orc wizard

Illustrated notes

Levels and vault maps discovered:
D:1:      spicycebolla_arrival_risky_transporter, layout_rooms,
          ebering_ecumenical_altar_webs
D:2:      layout_basic, minivault_25
D:3:      layout_rooms
D:4:      cheibrodos_pilgrimage, layout_basic, general_overflow_altar,
          temple_statues, nicolae_shop_i_like_big_books

Skill      XL: |  1  2  3  4 |
---------------+-------------+-----
Axes           | 3 4 5 |  5.2
Fighting       | 4 |  4.9
Shields        | 4 |  4.9
Armour         | |  3.7

Action                   |  1- 3 |  4- 6 || total
-------------------------+-------+-------++-------
Melee: War axe           |    52 |    61 ||   113
       Headbutt          |     9 |     5 ||    14
Invok: Channel Magic     |       |     1 ||     1
  Use: Potion            |       |     7 ||     7
Armor: Scale mail        |     2 |       ||     2
       Leather armour    |    13 |    25 ||    38
       Skin              |       |    12 ||    12
Dodge: Dodged            |    29 |    42 ||    71
Block: Buckler           |    13 |    20 ||    33
